 Dungeon Crawl Stone Soup version 0.31-a0-221-gbddc013574 (webtiles) character file.

Game seed: 15164096884941080511

503 Zonian the Shooter (level 6, -3/37 HPs)
             Began as a Deep Elf Hunter on July 4, 2023.
             Was a Follower of Ashenzari.
             Slain by an ogre
             ... wielding a +0 giant spiked club
              (34 damage)
             ... on level 5 of the Dungeon.
             The game lasted 00:11:18 (4612 turns).

Zonian the Shooter (Deep Elf Hunter)                Turns: 4612, Time: 00:11:18

Health: -3/37      AC:  5    Str: 10    XL:     6   Next: 96%
Magic:  8/8        EV: 14    Int: 14    God:    Ashenzari [*.....]
Gold:   210        SH:  0    Dex: 18    Spells: 5/5 levels left

rFire   + . .        a - +0 shortbow (freeze)
rCold   . . .        (shield currently unavailable)
rNeg    . . .        c - +0 leather armour
rPois   +            (no helmet)
rElec   +            v - +0 cloak of the Omniscient Sphere {Fort, Evo} (curse)
rCorr   +            r - +0 pair of gloves
SInv    .            (no boots)
Will    .....        (no amulet)
Stlth   +++          i - ring of resist corrosion
HPRegen 0.26/turn    k - ring of Ashenzari's Comet {rElec rPois rF+, Range, Melee} (curse)
MPRegen 0.11/turn

%: no passive effects
@: no status effects
A: no striking features
a: Renounce Religion, Shatter the Chains


You were on level 5 of the Dungeon.
You worshipped Ashenzari.
Ashenzari was aware of your devotion.
You visited 2 branches of the dungeon, and saw 6 of its levels.

You collected 210 gold pieces.

Inventory:

Hand Weapons
 a - a +0 shortbow of freezing (weapon)
 q - the +6 dagger "Kupt" {heavy, Str-3 Int+5 Stlth+}
   (You found it on level 2 of the Dungeon)

   Str:       It affects your strength (-3).
   Int:       It affects your intelligence (+5).
   Stlth:     It makes you more stealthy.
 u - a +0 dagger of venom
Armour
 c - a +0 leather armour (worn)
 f - a +2 ring mail of positive energy
 g - a scarf of shadows
 r - a +0 pair of gloves (worn)
 v - the cursed +0 cloak of the Omniscient Sphere (worn) {Fort, Evo}
   (You found it on level 3 of the Dungeon)

   It has a curse which improves the following skills: Fortitude: Armour and
   Shields.
   Evocations: Evocations.
Magical Staves
 m - a staff of earth
Jewellery
 i - a ring of resist corrosion (left hand)
 k - the cursed ring of Ashenzari's Comet (right hand) {rElec rPois rF+, Range, Melee}
   (You found it on level 4 of the Dungeon)

   [ring of protection from fire]

   rF:        It protects you from fire.
   rElec:     It insulates you from electricity.
   rPois:     It protects you from poison.
   It has a curse which improves the following skills: Ranged Combat: Ranged
   Weapons and Throwing.
   Melee Combat: Short Blades, Long Blades, Axes, Maces & Flails, Polearms,
   Staves and Unarmed Combat.
Wands
 o - a wand of charming (7)
 w - a wand of flame (33)
Scrolls
 b - a scroll of butterflies
 d - a scroll of brand weapon
 t - a scroll of amnesia
 x - a scroll of identify
Potions
 e - a potion of enlightenment
 h - 4 potions of heal wounds
 j - a potion of curing
 n - a potion of mutation
 p - a potion of might


   Skills:
 + Level 3.3 Fighting
 + Level 7.1(7.9) Ranged Weapons
 + Level 5.0 Dodging
 + Level 4.7 Stealth


You had 5 spell levels left.
You didn't know any spells.
Your spell library contained the following spells:

 Spells                   Type           Power      Damage    Failure   Level
 Summon Small Mammal      Summ           0%         N/A       36%         1
 Ensorcelled Hibernation  Hex/Ice        0%         N/A       52%         2
 Call Canine Familiar     Summ           0%         N/A       75%         3
 Spider Form              Tmut/Pois      0%         N/A       75%         3
 Summon Guardian Golem    Hex/Summ       0%         N/A       75%         3
 Anguish                  Hex/Necr       0%         N/A       98%         4
 Fireball                 Conj/Fire      0%         3d3       100%        5
 Iskenderun's Battlesphe  Conj           0%         2d6       100%        5
 Conjure Ball Lightning   Conj/Air       0%         3x3d6     100%        6
 Orb of Destruction       Conj           0%         9d5       100%        7


Dungeon Overview and Level Annotations

Branches:
Dungeon (5/15)             Temple (1/1) D:4

Altars:
Ashenzari
Cheibriados
Dithmenos
Fedhas
Gozag
Okawaru
Qazlal
Ru
Sif Muna
Uskayaw
Vehumet
Wu Jian
Zin

Shops:
D:1 *

Annotations:
D:2 Sigmund
D:5 exclusion: steam dragon


Message History

The arrow freezes the orc priest.
The orc priest is almost dead.
You shoot an arrow. The arrow hits the orc priest.
The arrow freezes the orc priest.
You kill the orc priest!
Your Dodging skill increases to level 5!
No target in view!
No target in view!
Unknown command.
HP restored.
There is an open door here.
You see here a +0 sling.
There is an open door here.
Key pressed, stopping explore.
There is an open door here.
Unknown command.
You shoot an arrow. The ogre shouts!
The arrow hits the ogre but does no damage.
You shoot an arrow.
The arrow hits the ogre but does no damage.
You shoot an arrow. The arrow hits the ogre.
The arrow freezes the ogre.
The ogre is lightly wounded.
You shoot an arrow. The arrow hits the ogre.
The arrow freezes the ogre.
The ogre is moderately wounded.
The ogre hits you with a +0 giant spiked club.
Unknown command.
Fire: a) +0 shortbow (freeze)
Press: ? - help, Q - select action, (/) - cycle Shift-Dir - straight line, f/p - ogre
Aim: an ogre, wielding a +0 giant spiked club (moderately wounded, 78% to hit)
You shoot an arrow. The arrow barely misses the ogre.
Unknown command.
Fire: a) +0 shortbow (freeze)
Press: ? - help, Q - select action, (/) - cycle Shift-Dir - straight line, f/p - ogre
Aim: an ogre, wielding a +0 giant spiked club (moderately wounded, 78% to hit)
You shoot an arrow. The arrow hits the ogre!
The arrow freezes the ogre.
The ogre is severely wounded.
The ogre hits you with a +0 giant spiked club!!
Ouch! That really hurt!
You die...

.#....#.......##......#......#
.#....'.......#.......#......#
.'....#.......#.......#o.....#
.#....##......#.o.....#......#
.#....##......#.......#......#
.#....'.......#.......#......#
.'....#.......#.......#O.....#
.#....#.......#..O....#......#
.#######......##@######.(....#
.......#......#..............#
.......#......#..............#
#......#......'........###+###
'......#......#........#.....#
#......#<.....#........#.....#
#......########........#.....#
'......#......#........#.....#
#......#......#........#.....#


You could see an ogre and an orc wizard.

Vanquished Creatures
  A kobold brigand (D:5)
  2 scorpions (D:5)
  2 orc priests
  Jessica (D:3)
  Terence (D:3)
  An iguana (D:5)
  A sleepcap (D:5)
  5 adders
  An ufetubus (D:5)
  A worm (D:4)
  3 dart slugs
  11 orcs
  3 endoplasms
  3 giant cockroaches
  6 goblins
  13 hobgoblins
  2 jackals (D:1)
  3 quokkas
  10 ball pythons
  3 bats
  5 frilled lizards
  10 kobolds
  7 rats
95 creatures vanquished.

Vanquished Creatures (others)
  An adder (D:5)
  A kobold (D:5)
2 creatures vanquished.

Grand Total: 97 creatures vanquished

Notes
Turn   | Place    | Note
-------+----------+-------------------------------------------
     0 | D:1      | Zonian the Deep Elf Hunter began the quest for the Orb.
     0 | D:1      | Reached XP level 1. HP: 12/12 MP: 3/3
    53 | D:1      | Reached XP level 2. HP: 17/17 MP: 4/4
   265 | D:1      | Found Upiuming's Assorted Antiques.
   482 | D:1      | Reached XP level 3. HP: 21/21 MP: 5/5
   504 | D:1      | Found a faded altar of an unknown god.
   744 | D:2      | Noticed Sigmund
   800 | D:2      | Identified the +6 dagger "Kupt" {heavy, Str-3 Int+5 Stlth+}
  1265 | D:3      | Reached XP level 4. HP: 26/26 MP: 6/6
  1285 | D:3      | Noticed Jessica
  1300 | D:3      | Killed Jessica
  1301 | D:3      | Reached skill level 6 in Ranged Weapons
  1413 | D:3      | Noticed Terence
  1428 | D:3      | Killed Terence
  1739 | D:3      | Reached XP level 5. HP: 31/31 MP: 7/7
  2132 | D:4      | Identified the ring of Kuily {rElec rPois rF+}
  2139 | D:4      | Found a staircase to the Ecumenical Temple.
  2147 | Temple   | Entered the Ecumenical Temple
  2236 | Temple   | Became a worshipper of Ashenzari the Shackled
  2971 | D:5      | Entered Level 5 of the Dungeon
  3000 | D:5      | Reached XP level 6. HP: 19/36 MP: 8/8
  3334 | D:5      | Noticed a steam dragon
  4152 | D:5      | Reached skill level 7 in Ranged Weapons
  4491 | D:5      | Reached * piety under Ashenzari
  4544 | D:5      | Reached skill level 5 in Dodging
  4612 | D:5      | Slain by an ogre

Illustrated notes

Levels and vault maps discovered:
D:1:      ncdulo_watergridlock, layout_rooms, serial_shops, shop_fountains,
          hellmonk_ecumenical_altar_run_dry, minmay_ruptured
D:2:      layout_rooms, serial_park_tiny_pond, serial_park_tiny_2,
          chequers_serial_rivers_large_b, uniq_sigmund
D:3:      layout_loops_ring, uniq_jessica, uniq_terence
D:4:      layout_basic, minmay_temple_entry_tees, grunt_ministairs_3
D:5:      cheibrodos_thug_alley, layout_gridville
Temple:   mainiacjoe_temple_archimedes_tessellation

Skill      XL: |  1  2  3  4  5  6 |
---------------+-------------------+-----
Stealth        | 2 3 4 |  4.7
Dodging        | 3 4 5 |  5.0
Fighting       | 2 3 |  3.3
Ranged Weapons | 6 7 |  7.1

Action                     |  1- 3 |  4- 6 || total
---------------------------+-------+-------++-------
   Fire: Shortbow          |   109 |   156 ||   265
 Invoke: Curse Item        |       |     2 ||     2
    Use: Potion            |       |     3 ||     3
         Scroll            |       |    13 ||    13
 Armour: Leather armour    |     7 |    13 ||    20
  Dodge: Dodged            |    12 |    33 ||    45

Table legend: (Time is in decaauts)
 A = Elapsed time spent in this place.
 B = Non-inter-level travel time spent in this place.
 C = Inter-level travel time spent in this place.
 D = Time resting spent in this place.
 E = Time spent auto-exploring this place.
 F = Levels seen in this place.
 G = Mean time per level.
                   A        B        C        D        E       F      G
               +--------+--------+--------+--------+--------+-----+--------+
         Total |   4627 |   4398 |    229 |   1367 |   2153 |   6 |  771.2 |
       Dungeon |   4450 |   4308 |    142 |   1367 |   2083 |   5 |  890.0 |
        Temple |    176 |     89 |     87 |      0 |     70 |   1 |  176.0 |
               +--------+--------+--------+--------+--------+-----+--------+

Top non-repeatable levels by time:
     D:5: 1560 daAuts
     D:3: 849 daAuts
     D:4: 796 daAuts
     D:2: 668 daAuts
     D:1: 574 daAuts
  Temple: 176 daAuts
